[Event "9th RTU Rapid 2019"]
[Site "Riga"]
[Date "2019.08.04"]
[Round "3.33"]
[White "Ivanisvili, Andrejs"]
[Black "Rakshitta Ravi"]
[Result "0-1"]
[WhiteElo "2144"]
[BlackElo "2112"]
[PlyCount "124"]
[EventDate "2019.08.05"]
[EventType "swiss"]
[EventCountry "LAT"]
[TimeControl "5400+30"]
[WhiteClock "0:01:14"]
[BlackClock "0:01:10"]

1. g3 e5 2. Bg2 d5 3. d3 Nc6 4. Nd2 g6 5. e4 Nge7 6. Ne2 Bg7 7. O-O O-O 8. exd5 Nxd5 9. Ne4 h6 10. N2c3 Nxc3 11. Nxc3 Nd4 12. Be3 c6 13. Qd2 Kh7 14. f4 exf4 15. Bxf4 Qb6 16. Kh1 Qxb2 17. Ne4 Be6 18. Rac1 Rfd8 19. Be3 Nf5 20. Rb1 Qxa2 21. Bg1 b6 22. g4 Nh4 23. Bh3 Qd5 24. Bf2 Nf3 25. Qe2 Nd4 26. Bxd4 Qxd4 27. Rf3 Bd5 28. Rbf1 Rf8 29. g5 h5 30. Bg2 Rae8 31. Rh3 Kg8 32. Bf3 Qe5 33. Qg2 a5 34. c4 Be6 35. Rh4 Bf5 36. d4 Qe7 37. d5 cxd5 38. cxd5 a4 39. Ng3 Qxg5 40. Rxa4 Bd3 41. Rd1 Re3 42. h4 Qe5 43. Rf1 Bxf1 44. Nxf1 Re1 45. Re4 Rxe4 46. Bxe4 Re8 47. Ng3 Qa1+ 48. Nf1 Qe1 49. Bf3 b5 50. d6 Qxh4+ 51. Qh2 Qxh2+ 52. Nxh2 Rd8 53. Bc6 Rxd6 54. Bxb5 Be5 55. Nf3 Bf4 56. Kg2 g5 57. Bc4 g4 58. Nh4 Rd2+ 59. Kf1 g3 60. Ng2 Rf2+ 61. Kg1 Rc2 62. Kf1 Rxc4 0-1

[Event "9th RTU Rapid 2019"]
[Site "Riga"]
[Date "2019.08.04"]
[Round "4.1"]
[White "Svane, Rasmus"]
[Black "Maltsevskaya, Aleksandra"]
[Result "1-0"]
[WhiteElo "2612"]
[BlackElo "2321"]
[PlyCount "169"]
[EventDate "2019.08.05"]
[EventType "swiss"]
[EventCountry "LAT"]
[TimeControl "5400+30"]
[WhiteClock "0:00:15"]
[BlackClock "0:00:24"]

1. Nf3 Nf6 2. c4 g6 3. Nc3 Bg7 4. e4 d6 5. d4 O-O 6. Be2 e5 7. O-O Nc6 8. dxe5 dxe5 9. Bg5 Qxd1 10. Rfxd1 h6 11. Be3 Bg4 12. h3 Bxf3 13. Bxf3 Rfd8 14. Nd5 Nxd5 15. cxd5 Nd4 16. Rac1 Rd7 17. Bg4 Re7 18. Rc4 h5 19. Bf3 Rd7 20. Rdc1 c6 21. dxc6 Nxc6 22. Bd1 Nd4 23. Kf1 Rad8 24. Rc8 Kh7 25. Rxd8 Rxd8 26. Be2 Rd7 27. Bc4 Bh6 28. Rc3 Bxe3 29. fxe3 Ne6 30. Ke2 Kg7 31. Bxe6 fxe6 32. a4 Kf6 33. Rc5 Rd6 34. b4 Ra6 35. a5 b6 36. Rb5 bxa5 37. bxa5 Rc6 38. Kf3 Rd6 39. h4 Rc6 40. g3 Ra6 41. Rc5 Rd6 42. Ke2 a6 43. Rc8 Kf7 44. Rb8 Ke7 45. Rg8 Kf7 46. Rb8 Ke7 47. Rc8 Rd7 48. Rg8 Kf7 49. Rb8 Ke7 50. Rb1 Rc7 51. Rb6 Ra7 52. Kd3 Kd7 53. Kc3 Rc7+ 54. Kd2 Rc6 55. Rb7+ Rc7 56. Rb8 Rc8 57. Rb1 Rc5 58. Rb7+ Rc7 59. Rb8 Rc8 60. Rb1 Rc5 61. Rb7+ Rc7 62. Rb1 Rc5 63. Rf1 Rxa5 64. Rf6 Ra2+ 65. Kd3 Ra3+ 66. Ke2 Ra2+ 67. Kd3 Ra3+ 68. Ke2 Ra2+ 69. Kf3 a5 70. Rxg6 a4 71. Rg5 a3 72. Rxh5 Ra1 73. Rh7+ Kc6 74. Ra7 Kb6 75. Ra8 a2 76. Kg2 Re1 77. Rxa2 Rxe3 78. h5 Rxe4 79. h6 Rd4 80. Ra8 Rd7 81. g4 Kc5 82. g5 Kd4 83. g6 Ke4 84. g7 Rd2+ 85. Kg1 1-0

[Event "9th RTU Rapid 2019"]
[Site "Riga"]
[Date "2019.08.04"]
[Round "4.2"]
[White "Suleymenov, Alisher"]
[Black "Pultinevicius, Paulius"]
[Result "0-1"]
[WhiteElo "2348"]
[BlackElo "2501"]
[PlyCount "58"]
[EventDate "2019.08.05"]
[EventType "swiss"]
[EventCountry "LAT"]
[TimeControl "5400+30"]
[WhiteClock "0:07:58"]
[BlackClock "0:00:10"]

1. d4 Nf6 2. c4 g6 3. Nc3 d5 4. Nf3 Bg7 5. h4 h6 6. Bf4 O-O 7. Rc1 c6 8. e3 dxc4 9. Bxc4 Bg4 10. O-O Nbd7 11. Qc2 Bxf3 12. gxf3 e6 13. Kg2 Nh5 14. Bg3 Nxg3 15. fxg3 c5 16. dxc5 Nxc5 17. Rfd1 Qb6 18. a3 a5 19. Nb5 a4 20. Rd6 Qa5 21. Rcd1 Be5 22. R6d2 Rac8 23. h5 gxh5 24. Nd6 Rc7 25. Nb5 Rc6 26. Nd4 Rcc8 27. Rh1 Nb3 28. Nxb3 axb3 29. Qd3 Rfd8 0-1

[Event "9th RTU Rapid 2019"]
[Site "Riga"]
[Date "2019.08.04"]
[Round "4.3"]
[White "Miedema, David"]
[Black "Wagner, Dennis"]
[Result "1/2-1/2"]
[WhiteElo "2313"]
[BlackElo "2473"]
[PlyCount "198"]
[EventDate "2019.08.05"]
[EventType "swiss"]
[EventCountry "LAT"]
[TimeControl "5400+30"]
[WhiteClock "0:00:13"]
[BlackClock "0:00:26"]

1. e4 e5 2. Nf3 Nc6 3. Bb5 a6 4. Ba4 Nf6 5. O-O Be7 6. Re1 b5 7. Bb3 O-O 8. a4 b4 9. d4 d6 10. dxe5 dxe5 11. Nbd2 Bc5 12. Qe2 Qe7 13. Bd5 Nxd5 14. exd5 Nd4 15. Nxd4 Bxd4 16. Nb3 Qd6 17. Nxd4 exd4 18. Qe5 Bb7 19. Qxd4 Qxd5 20. Qxd5 Bxd5 21. Bf4 b3 22. cxb3 Rfe8 23. Bxc7 Bxb3 24. Be5 f6 25. Ra3 Rab8 26. Bc3 Rxe1+ 27. Bxe1 Kf7 28. f3 h5 29. Kf2 Ke6 30. Ra1 Kd5 31. Bc3 Re8 32. a5 Re7 33. g4 hxg4 34. fxg4 Re4 35. g5 fxg5 36. Rg1 g4 37. Bxg7 Kc4 38. Kg3 Kb5 39. Bc3 Be6 40. Rg2 Re3+ 41. Kf4 Rf3+ 42. Ke5 Re3+ 43. Kf4 Rf3+ 44. Ke4 Kc4 45. Rd2 Bf5+ 46. Ke5 Bd3 47. Rg2 Bf5 48. Bd2 Bc8 49. Bc3 Bf5 50. Kd6 Kb5 51. Re2 Rd3+ 52. Ke5 Bd7 53. Kf4 Rf3+ 54. Ke5 Rf5+ 55. Kd6 Bc6 56. Be5 Rf1 57. Bd4 Rf5 58. Bb6 Bf3 59. Rf2 Rd5+ 60. Ke6 Rh5 61. Rd2 Rh6+ 62. Kf5 Rh5+ 63. Kf4 Rh7 64. Bd8 Rf7+ 65. Kg3 Rf5 66. Rd3 Be2 67. Rd2 Bf3 68. Bc7 Rf7 69. Bd8 Rh7 70. Kf4 Rf7+ 71. Kg5 Rh7 72. Rf2 Rd7 73. Bb6 Rd5+ 74. Kf4 Rh5 75. Rd2 Rh7 76. Ke3 Kc6 77. Bd8 Kb5 78. Rc2 Rh3 79. Kf4 Rh7 80. Bb6 Rh5 81. Rd2 Rh7 82. Kg5 Rg7+ 83. Kf6 Rh7 84. Kg6 Be4+ 85. Kg5 Bf3 86. Rc2 Kb4 87. Bc7 Kb3 88. Rc3+ Kxb2 89. Be5 Ka2 90. Rd3 Rb7 91. Kf4 Rb4+ 92. Kg3 Rb5 93. Bc3 Rb3 94. h4 gxh3 95. Kxf3 Kb1 96. Re3 h2 97. Kg2 Kc2 98. Bd4 Rxe3 99. Bxe3 Kd3 1/2-1/2

[Event "9th RTU Rapid 2019"]
[Site "Riga"]
[Date "2019.08.04"]
[Round "4.4"]
[White "Kantans, Toms"]
[Black "Lavendelis, Egons"]
[Result "1-0"]
[WhiteElo "2471"]
[BlackElo "2292"]
[PlyCount "105"]
[EventDate "2019.08.05"]
[EventType "swiss"]
[EventCountry "LAT"]
[TimeControl "5400+30"]
[WhiteClock "0:00:12"]
[BlackClock "0:00:22"]

1. e4 c5 2. Nf3 Nc6 3. Bb5 g6 4. O-O Bg7 5. Nc3 Nd4 6. Nxd4 cxd4 7. Ne2 a6 8. Bd3 d5 9. c3 dxe4 10. Bxe4 Nf6 11. Bf3 d3 12. Ng3 O-O 13. Re1 Rb8 14. b3 b5 15. Ba3 Re8 16. Qb1 Bh6 17. Qb2 Bb7 18. Bxb7 Rxb7 19. Bc5 e5 20. f3 Nd5 21. a4 Qc8 22. Bf2 Qc6 23. axb5 axb5 24. Ne4 Bf8 25. b4 f5 26. Nc5 Bxc5 27. bxc5 e4 28. Qb3 Kg7 29. fxe4 fxe4 30. Bd4+ Kh6 31. Rf1 e3 32. dxe3 Nxe3 33. Rf3 Nf5 34. Rh3+ Kg5 35. Rxd3 Re2 36. Bf2 Qe4 37. Qd5 Re7 38. c6 Rc2 39. h4+ Kh5 40. Qxe4 Rxe4 41. Ra7 h6 42. c7 Rc4 43. Be1 Nxh4 44. Bxh4 Kxh4 45. Rd4+ Rxd4 46. cxd4 b4 47. d5 b3 48. d6 b2 49. Rb7 Kg3 50. Kf1 h5 51. Rxb2 Rxb2 52. c8=Q Rf2+ 53. Ke1 1-0

[Event "9th RTU Rapid 2019"]
[Site "Riga"]
[Date "2019.08.04"]
[Round "4.5"]
[White "Grinev, Valeriy"]
[Black "Vishnu Prasanna. V"]
[Result "0-1"]
[WhiteElo "2287"]
[BlackElo "2465"]
[PlyCount "126"]
[EventDate "2019.08.05"]
[EventType "swiss"]
[EventCountry "LAT"]
[TimeControl "5400+30"]
[WhiteClock "0:02:02"]
[BlackClock "0:00:20"]

1. d4 Nf6 2. c4 e6 3. Nc3 Bb4 4. e3 O-O 5. Nge2 Re8 6. a3 Bf8 7. Ng3 d5 8. Be2 Nc6 9. O-O a6 10. b4 g6 11. Bb2 h5 12. Bd3 Bg7 13. Nge2 dxc4 14. Bxc4 b5 15. Ba2 Bb7 16. Nf4 Ne7 17. Nd3 Nf5 18. Nc5 Bc6 19. Qd3 Ng4 20. h3 Ngxe3 21. fxe3 Nxe3 22. d5 exd5 23. Rf2 Nc4 24. Bxc4 dxc4 25. Qxd8 Rexd8 26. N3e4 Bxb2 27. Rxb2 Bxe4 28. Nxe4 Rd4 29. Nc5 a5 30. bxa5 Rxa5 31. Nb7 c3 32. Rc2 Ra7 33. Nc5 Rc4 34. Nb3 c5 35. Kf2 Kg7 36. Kf3 g5 37. g3 Rd7 38. Nc1 Rd1 39. Rb1 b4 40. axb4 cxb4 41. Ra1 g4+ 42. hxg4 hxg4+ 43. Ke2 Rg1 44. Kf2 Rh1 45. Kg2 Rd1 46. Nb3 Rxa1 47. Nxa1 Rd4 48. Nb3 Rd1 49. Kf2 Rb1 50. Nd4 Rb2 51. Ke3 Rxc2 52. Nxc2 b3 53. Na3 b2 54. Kd3 f5 55. Kc2 f4 56. Nc4 fxg3 57. Ne3 Kg6 58. Nxg4 g2 59. Ne5+ Kf5 60. Nf3 Ke4 61. Ng5+ Ke3 62. Nh3 b1=Q+ 63. Kxb1 Kd2 0-1

[Event "9th RTU Rapid 2019"]
[Site "Riga"]
[Date "2019.08.04"]
[Round "4.6"]
[White "Dubrovin, Robert"]
[Black "Saduakassova, Dinara"]
[Result "0-1"]
[WhiteElo "2282"]
[BlackElo "2437"]
[PlyCount "58"]
[EventDate "2019.08.05"]
[EventType "swiss"]
[EventCountry "LAT"]
[TimeControl "5400+30"]
[WhiteClock "0:08:06"]
[BlackClock "0:00:12"]

1. d4 Nf6 2. c4 e6 3. Nc3 Bb4 4. e3 O-O 5. a3 Bxc3+ 6. bxc3 c5 7. Bd3 Nc6 8. Ne2 b6 9. e4 d6 10. Bg5 cxd4 11. cxd4 e5 12. O-O h6 13. Bh4 g5 14. Bg3 Nh5 15. Rc1 Nf4 16. Bxf4 gxf4 17. c5 f3 18. gxf3 Bh3 19. d5 Nd4 20. Kh1 Bxf1 21. Qxf1 bxc5 22. Qh3 Qf6 23. Nxd4 cxd4 24. Rc7 Rab8 25. Bc2 Rb2 26. a4 Ra2 27. Qg4+ Qg5 28. Kg2 Qxg4+ 29. fxg4 Rb8 0-1

[Event "9th RTU Rapid 2019"]
[Site "Riga"]
[Date "2019.08.04"]
[Round "4.7"]
[White "Ioannidis, Evgenios"]
[Black "Bulmaga, Irina"]
[Result "1-0"]
[WhiteElo "2134"]
[BlackElo "2434"]
[PlyCount "87"]
[EventDate "2019.08.05"]
[EventType "swiss"]
[EventCountry "LAT"]
[TimeControl "5400+30"]
[WhiteClock "0:00:09"]
[BlackClock "0:01:37"]

1. d4 Nf6 2. c4 e6 3. Nf3 b6 4. a3 Bb7 5. Nc3 d5 6. cxd5 Nxd5 7. Qc2 Be7 8. e4 Nxc3 9. bxc3 O-O 10. Bd3 c5 11. O-O Qc7 12. Qe2 Rd8 13. Rd1 Nd7 14. d5 e5 15. c4 Nf8 16. g3 Bc8 17. Bb2 Bd6 18. h4 h5 19. Qe3 Qe7 20. Be2 Nh7 21. Kg2 Re8 22. Ng5 g6 23. Rh1 f6 24. Nf3 Bd7 25. Nd2 Rf8 26. f4 Bg4 27. Bxg4 hxg4 28. Raf1 Rae8 29. f5 g5 30. Qe2 Rf7 31. hxg5 Nxg5 32. Rh4 Rh7 33. Rfh1 Rf8 34. Qxg4 Qg7 35. Nf3 Nxf3 36. Qxf3 Rxh4 37. Rxh4 Kf7 38. Qh5+ Ke7 39. Rg4 Qf7 40. Qh6 Rg8 41. Rg6 Rxg6 42. fxg6 Qg8 43. Bc1 Qf8 44. Qh7+ 1-0

[Event "9th RTU Rapid 2019"]
[Site "Riga"]
[Date "2019.08.04"]
[Round "4.8"]
[White "Gagare, Shardul"]
[Black "Shailesh, Dravid"]
[Result "1-0"]
[WhiteElo "2430"]
[BlackElo "2134"]
[PlyCount "113"]
[EventDate "2019.08.05"]
[EventType "swiss"]
[EventCountry "LAT"]
[TimeControl "5400+30"]
[WhiteClock "0:03:12"]
[BlackClock "0:03:18"]

1. Nf3 Nf6 2. g3 g6 3. Bg2 Bg7 4. O-O O-O 5. c4 d6 6. Nc3 e5 7. d3 c6 8. Rb1 a5 9. a3 Re8 10. b4 axb4 11. axb4 e4 12. dxe4 Nxe4 13. Nxe4 Rxe4 14. Bb2 Rxc4 15. Bxg7 Kxg7 16. Ne5 Rc3 17. Qd4 Rc2 18. Nxc6+ Qf6 19. Qxf6+ Kxf6 20. Nd4 Rd2 21. e3 Nd7 22. Nb3 Rd3 23. Rfc1 Ra3 24. Na5 Nb6 25. Bxb7 Bf5 26. Rb2 Na4 27. Rbc2 d5 28. Ba6 Rdc3 29. Rxc3 Nxc3 30. Bf1 Na2 31. Ra1 Ra4 32. Nc6 Bd7 33. Bb5 Ra3 34. Nd4 Bxb5 35. Nxb5 Ra4 36. Nd4 Nc3 37. Rxa4 Nxa4 38. Kf1 Ke5 39. Ke2 Kd6 40. Kd3 Nb2+ 41. Kc2 Nc4 42. Kc3 Ne5 43. h3 h5 44. f4 Nd7 45. Nf3 Nf6 46. Ng5 Kc6 47. Kd4 Kb5 48. Ke5 Nd7+ 49. Kxd5 Kxb4 50. Nxf7 Kc3 51. Ne5 Nf8 52. Kd6 Kd2 53. Ke7 Nh7 54. Nxg6 Kxe3 55. Kf7 Kf3 56. Kg7 h4 57. gxh4 1-0

[Event "9th RTU Rapid 2019"]
[Site "Riga"]
[Date "2019.08.04"]
[Round "4.9"]
[White "Gagare, Shalmali"]
[Black "Kopylov, Michael"]
[Result "0-1"]
[WhiteElo "1984"]
[BlackElo "2414"]
[PlyCount "70"]
[EventDate "2019.08.05"]
[EventType "swiss"]
[EventCountry "LAT"]
[TimeControl "5400+30"]
[WhiteClock "0:01:13"]
[BlackClock "0:00:16"]

1. c4 f5 2. g3 Nf6 3. Bg2 g6 4. Nc3 Bg7 5. Nf3 O-O 6. O-O d6 7. d3 Nc6 8. Rb1 a5 9. a3 e5 10. b4 axb4 11. axb4 h6 12. b5 Ne7 13. Bb2 g5 14. Qb3 Be6 15. Nd2 f4 16. Bxb7 Rb8 17. Bg2 fxg3 18. hxg3 Qe8 19. Nde4 Ng4 20. f3 Ne3 21. Rf2 N7f5 22. Nd1 g4 23. Nxe3 Nxe3 24. Bh1 Qg6 25. Bc1 Nf5 26. e3 Nxg3 27. Nxg3 gxf3 28. Rxf3 Rxf3 29. Bxf3 Qxg3+ 30. Bg2 Bh3 31. c5+ Kh8 32. Qd5 Rf8 33. Ra1 e4 34. Ra2 Be5 35. Qxe5+ dxe5 0-1

[Event "9th RTU Rapid 2019"]
[Site "Riga"]
[Date "2019.08.04"]
[Round "4.10"]
[White "Korchmar, Vasiliy"]
[Black "Dhyana Patel"]
[Result "1-0"]
[WhiteElo "2413"]
[BlackElo "1900"]
[PlyCount "65"]
[EventDate "2019.08.05"]
[EventType "swiss"]
[EventCountry "LAT"]
[TimeControl "5400+30"]
[WhiteClock "0:11:53"]
[BlackClock "0:08:21"]

1. d4 Nf6 2. c4 g6 3. Nc3 d5 4. Nf3 Bg7 5. Bf4 O-O 6. e3 c5 7. dxc5 Qa5 8. Rc1 dxc4 9. Bxc4 Qxc5 10. Bb3 Qa5 11. O-O Nc6 12. h3 Bf5 13. Qe2 Rfd8 14. e4 Bd7 15. e5 Nh5 16. Bh2 Bh6 17. Rcd1 Nf4 18. Bxf4 Bxf4 19. Bxf7+ Kxf7 20. Qc4+ Kg7 21. Qxf4 Bf5 22. Rfe1 Rxd1 23. Rxd1 Rf8 24. Qe3 Qb4 25. Rd2 Qc4 26. Nd4 Nxd4 27. Qxd4 Qe6 28. g4 b6 29. gxf5 Qxf5 30. Qg4 Qxe5 31. Qd4 Qxd4 32. Rxd4 Rf3 33. Kg2 1-0

[Event "9th RTU Rapid 2019"]
[Site "Riga"]
[Date "2019.08.04"]
[Round "4.11"]
[White "Krivonosov, Oleg"]
[Black "Stabulnieks, Klavs"]
[Result "1-0"]
[WhiteElo "2445"]
[BlackElo "2136"]
[PlyCount "81"]
[EventDate "2019.08.05"]
[EventType "swiss"]
[EventCountry "LAT"]
[TimeControl "5400+30"]
[WhiteClock "0:00:06"]
[BlackClock "0:06:42"]

1. Nf3 Nf6 2. c4 g6 3. Nc3 Bg7 4. e4 d6 5. d4 O-O 6. Be2 e5 7. dxe5 dxe5 8. Qxd8 Rxd8 9. Bg5 c6 10. Nxe5 Re8 11. O-O-O Na6 12. Rd6 Be6 13. f4 Nc5 14. Bf3 h6 15. Bh4 g5 16. Bf2 b6 17. g3 g4 18. Bg2 Bf8 19. Rxc6 Nfd7 20. Bxc5 Nxe5 21. fxe5 Bxc5 22. Nd5 Bxd5 23. cxd5 Rxe5 24. h3 gxh3 25. Rxh3 Rd8 26. Kc2 h5 27. Rh6 Rd6 28. R6xh5 Rxh5 29. Rxh5 Rg6 30. e5 Rxg3 31. Be4 Re3 32. Rh4 Re2+ 33. Kb3 Kg7 34. d6 Rd2 35. Rg4+ Kf8 36. Kc4 Rd4+ 37. Kb5 Rb4+ 38. Kc6 Rc4 39. b3 Rc1 40. Bh7 f6 41. e6 1-0

[Event "9th RTU Rapid 2019"]
[Site "Riga"]
[Date "2019.08.04"]
[Round "4.12"]
[White "Mohite, Ranveer"]
[Black "Evchin, Maxim"]
[Result "0-1"]
[WhiteElo "1935"]
[BlackElo "2269"]
[PlyCount "84"]
[EventDate "2019.08.05"]
[EventType "swiss"]
[EventCountry "LAT"]
[TimeControl "5400+30"]
[WhiteClock "0:00:52"]
[BlackClock "0:00:12"]

1. e4 e5 2. Nf3 Nc6 3. Bb5 g6 4. O-O Bg7 5. c3 a6 6. Ba4 d6 7. h3 Nge7 8. d4 b5 9. Bb3 exd4 10. cxd4 O-O 11. Nc3 Na5 12. Bc2 c5 13. dxc5 dxc5 14. Bg5 Qc7 15. e5 Nc4 16. Ne4 Nxe5 17. Re1 Nxf3+ 18. Qxf3 Bb7 19. Nf6+ Kh8 20. Qg4 Ng8 21. Nxh7 Kxh7 22. Qh4+ Nh6 23. Re7 Qb6 24. Rae1 Bd5 25. R1e5 Qd6 26. Bxh6 Bxh6 27. g4 Ra7 28. Rh5 Qf4 29. Rxh6+ Qxh6 30. Qxh6+ Kxh6 31. Rxa7 Bxa2 32. Rxa6 Be6 33. Rc6 Rc8 34. Rxc8 Bxc8 35. f3 Kg5 36. Kf2 Kf4 37. h4 Bb7 38. Bd3 Bxf3 39. Bxb5 Bxg4 40. Be8 Be6 41. Ke2 Kg4 42. Kd3 Kxh4 0-1

[Event "9th RTU Rapid 2019"]
[Site "Riga"]
[Date "2019.08.04"]
[Round "4.13"]
[White "Gukesh D"]
[Black "Low, Zhen Yu Cyrus"]
[Result "1-0"]
[WhiteElo "1683"]
[BlackElo "2169"]
[PlyCount "91"]
[EventDate "2019.08.05"]
[EventType "swiss"]
[EventCountry "LAT"]
[TimeControl "5400+30"]
[WhiteClock "0:00:22"]
[BlackClock "0:00:24"]

1. c4 g6 2. Nc3 c5 3. g3 Bg7 4. Bg2 Nc6 5. Nf3 e5 6. O-O Nge7 7. Ne1 O-O 8. Nc2 d6 9. Ne3 Be6 10. d3 Qd7 11. Ned5 Bh3 12. e4 Bxg2 13. Kxg2 f5 14. f3 Rab8 15. Rb1 a6 16. b4 Kh8 17. bxc5 dxc5 18. Na4 fxe4 19. dxe4 Nd4 20. Nxc5 Qd6 21. Nxb7 Qd7 22. Nc5 Qd6 23. Ba3 Nxd5 24. exd5 Rbc8 25. Rb7 Rxc5 26. Qd3 Rfc8 27. Rfb1 Qf8 28. Ra7 Nxf3 29. Rf1 e4 30. Qxe4 Qg8 31. Bxc5 Nd2 32. Rxg7 Nxe4 33. Rxg8+ Kxg8 34. Be7 Rxc4 35. Rf4 g5 36. Rf5 g4 37. Kf1 Rd4 38. Rf8+ Kg7 39. Rf4 Rd1+ 40. Kg2 Rd2+ 41. Kf1 Rd1+ 42. Ke2 Nc3+ 43. Kf2 Rxd5 44. Bf6+ Kg6 45. Bxc3 Rc5 46. Rxg4+ 1-0

[Event "9th RTU Rapid 2019"]
[Site "Riga"]
[Date "2019.08.04"]
[Round "4.14"]
[White "Nevednichy, Vladislav"]
[Black "Brikers, Aleksandrs"]
[Result "1-0"]
[WhiteElo "2495"]
[BlackElo "2011"]
[PlyCount "63"]
[EventDate "2019.08.05"]
[EventType "swiss"]
[EventCountry "LAT"]
[TimeControl "5400+30"]
[WhiteClock "0:00:08"]
[BlackClock "0:03:49"]

1. e4 e5 2. Nf3 Nc6 3. Bc4 Bc5 4. d3 Nf6 5. Nc3 d6 6. Bg5 h6 7. Bxf6 Qxf6 8. Nd5 Qd8 9. c3 Be6 10. b4 Bb6 11. a4 a5 12. Nxb6 cxb6 13. Bxe6 fxe6 14. b5 Nb8 15. d4 Nd7 16. Qb3 Qe7 17. Qa3 exd4 18. cxd4 e5 19. O-O Kf7 20. Rad1 Rhd8 21. Rd3 exd4 22. Nxd4 Nc5 23. Nf5 Qe6 24. Rg3 Nxe4 25. Rxg7+ Kf6 26. Qf3 Ng5 27. Qh5 Kxf5 28. f4 Qe3+ 29. Kh1 Ke6 30. fxg5 hxg5 31. Qg4+ Kd5 32. Rxg5+ 1-0

[Event "9th RTU Rapid 2019"]
[Site "Riga"]
[Date "2019.08.04"]
[Round "4.15"]
[White "Omelja, Artem"]
[Black "Sertbay, Huseyin"]
[Result "1-0"]
[WhiteElo "2436"]
[BlackElo "2066"]
[PlyCount "61"]
[EventDate "2019.08.05"]
[EventType "swiss"]
[EventCountry "LAT"]
[TimeControl "5400+30"]
[WhiteClock "0:02:04"]
[BlackClock "0:12:22"]

1. d4 Nf6 2. c4 c5 3. d5 e5 4. Nc3 d6 5. e4 Nbd7 6. Bd3 Be7 7. Nge2 Nf8 8. f3 Ng6 9. g3 O-O 10. Be3 h6 11. Qd2 Nh7 12. f4 exf4 13. gxf4 Bf6 14. Ng3 Re8 15. O-O-O Qa5 16. Rhg1 a6 17. Nh5 Bxc3 18. Qxc3 Qxc3+ 19. bxc3 Nhf8 20. Rg3 b5 21. f5 bxc4 22. Bc2 Kh7 23. Rdg1 Bd7 24. h4 Re7 25. fxg6+ fxg6 26. Nf4 Be8 27. e5 Rxe5 28. h5 Ra7 29. Nxg6 Bxg6 30. hxg6+ Kg8 31. Bf4 1-0

[Event "9th RTU Rapid 2019"]
[Site "Riga"]
[Date "2019.08.04"]
[Round "4.16"]
[White "Babrauskas, Darius"]
[Black "Galchenko, Matvey"]
[Result "0-1"]
[WhiteElo "1988"]
[BlackElo "2360"]
[PlyCount "60"]
[EventDate "2019.08.05"]
[EventType "swiss"]
[EventCountry "LAT"]
[TimeControl "5400+30"]
[WhiteClock "0:11:49"]
[BlackClock "0:03:26"]

1. e4 e6 2. d4 d5 3. Nc3 Bb4 4. e5 Ne7 5. a3 Bxc3+ 6. bxc3 c5 7. Qg4 cxd4 8. Qxg7 Rg8 9. Qxh7 Qc7 10. Ne2 Nbc6 11. f4 Bd7 12. Qd3 dxc3 13. Rg1 d4 14. g4 Qb6 15. Rg3 O-O-O 16. Bg2 Rh8 17. h3 Kb8 18. Be4 Be8 19. Qc4 Rc8 20. Qa2 Na5 21. Rb1 Qc5 22. Bd3 Nd5 23. Kf2 Ba4 24. Rf3 Nc4 25. Kg3 Rc7 26. Be4 f5 27. exf6 Nxf6 28. Bd3 Qd5 29. Rb4 Rxh3+ 30. Kxh3 Qxf3+ 0-1

[Event "9th RTU Rapid 2019"]
[Site "Riga"]
[Date "2019.08.04"]
[Round "4.17"]
[White "Nesteretz, Anatoliy"]
[Black "Daudzvardis, Janis"]
[Result "1-0"]
[WhiteElo "2317"]
[BlackElo "2037"]
[PlyCount "117"]
[EventDate "2019.08.05"]
[EventType "swiss"]
[EventCountry "LAT"]
[TimeControl "5400+30"]
[WhiteClock "0:09:54"]
[BlackClock "0:00:15"]

1. d4 c5 2. d5 e5 3. Nc3 d6 4. e4 Be7 5. Nf3 Nf6 6. Be2 O-O 7. O-O Ne8 8. Nd2 Nd7 9. a4 g6 10. a5 a6 11. Nc4 Bg5 12. Na4 Bxc1 13. Qxc1 f5 14. exf5 gxf5 15. f4 e4 16. Ra3 Ndf6 17. Nab6 Rb8 18. Qe1 Rf7 19. Qh4 Qe7 20. Rh3 Bd7 21. Ne3 Rg7 22. Kh1 Rd8 23. c3 Nc7 24. Nxd7 Nxd7 25. Qxe7 Rxe7 26. Nxf5 Ree8 27. Nxd6 Rf8 28. Nxe4 Rde8 29. Bd3 b5 30. axb6 Nxb6 31. d6 Ne6 32. f5 c4 33. Bc2 Nd8 34. f6 Nf7 35. Rg3+ Kh8 36. Rg7 Rd8 37. Ng3 Rxd6 38. Rxh7+ Kg8 39. Rg7+ Kh8 40. Ne4 Re6 41. Rf3 Rxf6 42. Rxf6 Kxg7 43. Rxb6 a5 44. h3 Ra8 45. Rb7 Kf8 46. Kg1 a4 47. Rb4 a3 48. bxa3 Rxa3 49. Rxc4 Ra2 50. Bb3 Ra1+ 51. Kh2 Ne5 52. Rc8+ Ke7 53. Bd5 Nd3 54. c4 Rc1 55. c5 Rc2 56. c6 Nf4 57. Rc7+ Ke8 58. Nd6+ Kd8 59. Rd7# 1-0

[Event "9th RTU Rapid 2019"]
[Site "Riga"]
[Date "2019.08.04"]
[Round "4.18"]
[White "Kiik, Kalle"]
[Black "Kurpnieks, Vairis"]
[Result "1-0"]
[WhiteElo "2308"]
[BlackElo "1983"]
[PlyCount "141"]
[EventDate "2019.08.05"]
[EventType "swiss"]
[EventCountry "LAT"]
[TimeControl "5400+30"]
[WhiteClock "0:04:51"]
[BlackClock "0:04:43"]

1. e4 e5 2. Nf3 f5 3. Nxe5 Nc6 4. Nxc6 dxc6 5. Nc3 Nf6 6. e5 Ng4 7. d4 c5 8. d5 Nxe5 9. Bb5+ Kf7 10. O-O Bd6 11. Be2 Bd7 12. h3 Rf8 13. f4 Ng6 14. g3 Kg8 15. Be3 a6 16. a4 b6 17. Qd2 Qf6 18. Rfe1 Rfd8 19. Bf2 Ne7 20. Bf1 Nc8 21. Rad1 Ne7 22. Bc4 Rdb8 23. Qe2 Ng6 24. Qf1 h5 25. h4 Nh8 26. Bxa6 Nf7 27. Bb5 Bxb5 28. Qxb5 Nh6 29. Re6 Qf7 30. Rde1 Ng4 31. Qc4 Re8 32. b3 Re7 33. Nb5 Rae8 34. Kg2 Nf6 35. Nc3 Ng4 36. Bg1 Kf8 37. a5 bxa5 38. Bxc5 Kg8 39. Bxd6 cxd6 40. Rxe7 Rxe7 41. Qc8+ Kh7 42. Rxe7 Qxe7 43. Qxf5+ g6 44. Qe4 Ne3+ 45. Kf3 Qxe4+ 46. Nxe4 Nxc2 47. Nxd6 Nd4+ 48. Ke4 Nxb3 49. Nc4 Kg7 50. Ke5 Kf7 51. d6 a4 52. f5 gxf5 53. Kxf5 Nd4+ 54. Kg5 Nb5 55. d7 Ke7 56. Kxh5 Kxd7 57. Kg6 Nd6 58. Nb6+ Ke6 59. Nxa4 Nf5 60. h5 Ne7+ 61. Kg5 Kf7 62. Nc5 Ng8 63. Ne4 Kg7 64. g4 Nh6 65. Nd6 Kh7 66. Nf5 Nf7+ 67. Kf6 Kg8 68. g5 Kf8 69. g6 Kg8 70. Ne7+ Kf8 71. g7+ 1-0

[Event "9th RTU Rapid 2019"]
[Site "Riga"]
[Date "2019.08.04"]
[Round "4.19"]
[White "Reizniece-Ozola, Dana"]
[Black "Korchagin, Oleg"]
[Result "1-0"]
[WhiteElo "2261"]
[BlackElo "2056"]
[PlyCount "66"]
[EventDate "2019.08.05"]
[EventType "swiss"]
[EventCountry "LAT"]
[TimeControl "5400+30"]
[WhiteClock "0:00:20"]
[BlackClock "0:01:17"]

1. c4 Nf6 2. Nc3 g6 3. g3 d5 4. cxd5 Nxd5 5. Bg2 Nb6 6. Nf3 Bg7 7. h4 h6 8. d3 Nc6 9. Bd2 e5 10. Qc1 Be6 11. Ne4 Nd7 12. Be3 Ne7 13. O-O Nf5 14. Nc5 Nxc5 15. Bxc5 b6 16. Ba3 c5 17. b4 Rc8 18. bxc5 bxc5 19. Qd2 O-O 20. Rac1 Qb6 21. e4 Nd6 22. Qe3 Nb7 23. Rb1 Qa6 24. Bb2 f6 25. a3 Rfd8 26. Rfd1 Bb3 27. Rd2 Be6 28. Ne1 Kh7 29. f4 h5 30. fxe5 Bh6 31. Qf2 Bxd2 32. Qxd2 f5 33. Bc1 Ba2 1-0

[Event "9th RTU Rapid 2019"]
[Site "Riga"]
[Date "2019.08.04"]
[Round "4.20"]
[White "Walkusz, Witoslaw"]
[Black "Kretainis, Kristaps"]
[Result "1-0"]
[WhiteElo "2138"]
[BlackElo "2252"]
[PlyCount "69"]
[EventDate "2019.08.05"]
[EventType "swiss"]
[EventCountry "LAT"]
[TimeControl "5400+30"]
[WhiteClock "0:13:46"]
[BlackClock "0:03:06"]

1. e4 b6 2. d4 Bb7 3. Nc3 e6 4. Bd3 Bb4 5. Bd2 f5 6. Nge2 fxe4 7. Nxe4 Bxd2+ 8. Qxd2 Nf6 9. f3 Nxe4 10. fxe4 O-O 11. O-O-O Nc6 12. c3 Qh4 13. g3 Qg4 14. Rhf1 Rxf1 15. Rxf1 Rf8 16. Rxf8+ Kxf8 17. e5 g6 18. Qh6+ Kg8 19. h3 Qf3 20. Nf4 Qxg3 21. Nh5 gxh5 22. Bxh7+ Kf7 23. Qf6+ Ke8 24. Bg6+ Qxg6 25. Qxg6+ Ke7 26. Qh7+ Ke8 27. Qxh5+ Ke7 28. Qh7+ Ke8 29. Qg8+ Ke7 30. h4 Nd8 31. Qg5+ Ke8 32. h5 Nf7 33. Qf6 Be4 34. h6 Bf5 35. Qg7 1-0